 Dungeon Crawl Stone Soup version 0.27.0-1-g7a089689b8 (webtiles) character file.

Game seed: 6632700330658069026

56842 Naeght the Fencer (level 14, -13/125 HPs)
             Began as a Minotaur Berserker on Aug 10, 2021.
             Was a High Priest of Trog.
             Mangled by a dire elephant (31 damage)
             ... on level 6 of the Lair of Beasts.
             The game lasted 01:04:41 (27957 turns).

Naeght the Fencer (Minotaur Berserker)             Turns: 27957, Time: 01:04:42

Health: -13/125    AC: 12    Str: 26    XL:     14   Next: 43%
Magic:  13/13      EV: 13    Int:  4    God:    Trog [*****.]
Gold:   442        SH:  0    Dex:  7    Spells: 13/13 levels left

rFire    . . .     SeeInvis +   c - +9 triple sword of Crusades {flame, rPois rN+++ Dex-4 Stlth-}
rCold    . . .     Faith    .   (shield currently unavailable)
rNeg     + + +     Spirit   .   N - +0 swamp dragon scales
rPois    +         Reflect  .   O - +1 hat
rElec    .         Harm     .   l - scarf {shadows}
rCorr    .         Rampage  .   w - +0 pair of gloves {Stlth+}
Will     +++..                  (no boots)
Stlth    ..........             (no amulet)
HPRegen  1.30/turn              h - ring of see invisible
MPRegen  0.13/turn              f - ring of positive energy

@: strong-willed, regenerating
A: horns 2, retaliatory headbutt
a: Renounce Religion, Berserk, Trog's Hand, Brothers in Arms


You were on level 6 of the Lair of Beasts.
You worshipped Trog.
Trog was extremely pleased with you.
You visited 2 branches of the dungeon, and saw 15 of its levels.

You collected 1041 gold pieces.
You spent 599 gold pieces at shops.

Inventory:

Hand Weapons
 c - the +9 triple sword of Crusades (weapon) {flame, rPois rN+++ Dex-4 Stlth-}
   (You acquired it on level 7 of the Dungeon)

   It burns those it strikes, dealing additional fire damage.
   Big, fiery blades are also staple armaments of hydra-hunters.
   Dex:       It affects your dexterity (-4).
   rPois:     It protects you from poison.
   rN:        It renders you almost immune to negative energy.
   Stlth:     It makes you less stealthy.
 Q - a +3 scimitar of flaming
Missiles
 I - 2 throwing nets (quivered)
Armour
 d - a +0 buckler
 l - a scarf of shadows (worn)
 w - a +0 pair of gloves of stealth (worn)
 J - a +0 kite shield
 N - +0 swamp dragon scales (worn)
 O - a +1 hat (worn)
Jewellery
 f - a ring of positive energy (right hand)
 h - a ring of see invisible (left hand)
 y - a ring of flight
 D - a ring of protection from cold
 H - a ring of protection from cold
Wands
 n - a wand of digging (17)
 p - a wand of paralysis (1)
 A - a wand of acid (6)
 F - a wand of flame (64)
 L - a wand of polymorph (12)
Scrolls
 e - 2 scrolls of summoning
 g - 2 scrolls of identify
 i - 2 scrolls of immolation {unknown}
 m - 3 scrolls of fog {unknown}
 o - 3 scrolls of amnesia {unknown}
 q - a scroll of brand weapon
 u - 3 scrolls of enchant weapon {unknown}
 v - 2 scrolls of vulnerability {unknown}
 B - 2 scrolls of blinking
 C - 7 scrolls of teleportation
 M - 3 scrolls of enchant armour
 P - a scroll of magic mapping
 R - a scroll of silence
Potions
 a - a potion of invisibility
 b - 3 potions of cancellation
 j - 7 potions of curing
 k - 2 potions of might
 r - 2 potions of degeneration {unknown}
 s - 8 potions of heal wounds
 t - 3 potions of lignification
 x - 5 potions of ambrosia
 z - a potion of attraction
 E - 3 potions of mutation
 G - a potion of magic
 K - 3 potions of brilliance


   Skills:
 - Level 11.9 Fighting
 * Level 20.6 Long Blades
 - Level 10.0 Armour
 - Level 10.3 Dodging
 - Level 7.4 Shields
 - Level 5.0 Evocations


You had 13 spell levels left.
You didn't know any spells.
Your spell library contained the following spells:

 Spells                   Type           Power      Damage    Failure   Level
 Animate Armour           Summ/Erth      0%         N/A       100%        4
 Blade Hands              Tmut           0%         N/A       100%        5
 Iron Shot                Conj/Erth      0%         9d1       100%        6


Dungeon Overview and Level Annotations

Branches:
Dungeon (9/15)             Temple (0/1) D:6            Lair (6/6) D:9
  Swamp (0/4) Lair:3       Spider (0/4) Lair:4        Slime (0/5) Lair:5
    Orc: D:9-12

Altars:
Ashenzari
Elyvilon
Fedhas
Hepliaklqana
Kikubaaqudgha
Makhleb
Okawaru
Qazlal
Ru
Wu Jian
Xom
The Shining One

Shops:
D:5 !   D:6 *   D:7 ?   D:8 [

Annotations:
D:4 3 runed translucent doors, Arex's ghost, amateur DrAE; JBAR's ghost, amateur GnGl; kdavids2's ghost, amateur DgTm; sasquatch's ghost, amateur DEFE
Lair:4 exclusion: oklob plant
Lair:6 exclusion: obsidian statue


Innate Abilities, Weirdness & Mutations

You have a pair of horns on your head.
You reflexively headbutt those who attack you in melee.


Message History

You slash the dire elephant! You burn the dire elephant.
You headbutt the dire elephant, but do no damage.
The dire elephant is heavily wounded.
The dire elephant tramples you!
You stumble backwards!
You slash the dire elephant! You burn the dire elephant.
You headbutt the dire elephant.
The dire elephant is severely wounded.
The dire elephant tramples you.
You hold your ground!
The dire elephant completely misses you.
You slice the dire elephant!! You burn the dire elephant.
You kill the dire elephant!
Trog accepts your kill.
You see here a dire elephant corpse.
You slash the dire elephant! You burn the dire elephant.
You headbutt the dire elephant.
The dire elephant is moderately wounded.
The dire elephant tramples you!!
You stumble backwards!
You slash the dire elephant! You burn the dire elephant.
The dire elephant is moderately wounded.
The dire elephant closely misses you. The dire elephant trunk-slaps you!
You slice the dire elephant!! You burn the dire elephant!
You headbutt the dire elephant, but do no damage.
The dire elephant is severely wounded.
The dire elephant tramples you!
You hold your ground!
The dire elephant completely misses you.
You barely miss the dire elephant.
The dire elephant is severely wounded.
You slash the dire elephant! You burn the dire elephant.
You headbutt the dire elephant.
The dire elephant is almost dead.
The dire elephant tramples you!!
* * * LOW HITPOINT WARNING * * *
You hold your ground!
The dire elephant trunk-slaps you but does no damage.
The necromancer casts a spell.
The necromancer binds the souls of nearby monsters.
Your skin crawls.
You feel strong-willed. The dire elephant tramples you!!
You die...

##### ♣♣.#.#### ♣#P......##
♣P.......P### ♣....P#......#
8♣♣####''#''#### ## #######
#8Yp#..Y.8##.≈≈# #..##.##
#@..#.....'..≈≈≈'. ##.....#
#.#.####.8#.≈Y≈≈'. ##.....#
######'#....#### ≈≈≈≈#8 #......#
#8..P..####....# ≈≈p # #......#
#(..)..# ####.### .### .......##
#8..P.P##♣♣###...#####8
##......##########♣....###.......
##.......♣#♣###♣♣.......♣########
#................................


You could see a dire elephant (soul bound) and a necromancer (invisible).

Vanquished Creatures
  Gastronok (Lair:3)
  2 dire elephants (Lair:6)
  2 hydras
  Harold (D:8)
  2 catoblepae
  4 death yaks
  Urug (Lair:6)
  A spectral dire elephant (Lair:6)
  A spectral anaconda (Lair:6)
  A bog body (Lair:3)
  A wizard (D:9)
  A swamp dragon (Lair:1)
  An orb spider (Lair:4)
  3 necromancers (Lair:6)
  An oklob plant (Lair:1)
  19 elephants
  4 black mambas
  Maurice (D:8)
  21 cane toads
  Maggie (D:6)
  A gargoyle (D:6)
  A kobold demonologist (D:8)
  8 komodo dragons
  5 rime drakes
  2 polar bears
  18 blink frogs
  Grinder (D:3)
  5 slime creatures
  4 dream sheep (Lair:1)
  Sigmund (D:5)
  A wraith (D:9)
  3 wyverns
  54 yaks
  6 basilisks
  3 vampire mosquitoes
  2 death yak simulacra (Lair:6)
  3 wargs
  Duvessa (D:4)
  2 sky beasts (D:6)
  15 water moccasins
  An ice beast (D:6)
  A black bear (D:5)
  2 orc warriors
  3 necrophages
  9 wolves
  5 ogres
  3 centaurs
  2 phantoms
  8 kobold brigands
  8 bullfrogs
  A water moccasin zombie (D:6)
  3 cane toad simulacra (Lair:6)
  Dowan (D:4)
  2 water moccasin skeletons
  A vampire bat (D:3)
  18 killer bees
  7 wights
  7 howler monkeys (D:8)
  2 electric eels
  A bullfrog zombie (D:6)
  2 centaur zombies
  5 orc priests
  2 gnoll shamans (D:8)
  12 hounds
  A bullfrog skeleton (D:6)
  A jelly (D:4)
  A centaur skeleton (D:7)
  3 iguanas
  12 orc wizards
  Natasha (D:3)
  A howler monkey zombie (D:8)
  Robin (D:4)
  10 gnolls
  9 adders
  4 river rats (D:6)
  A shadow imp (D:5)
  2 white imps (D:6)
  2 ufetubi
  3 dart slugs
  30 orcs
  4 bats
  3 bat skeletons (D:3)
  2 bat zombies (D:3)
  4 endoplasms
  4 giant cockroaches
  8 hobgoblins
  14 jackals
  25 kobolds
  4 quokkas
  8 ball pythons
  3 frilled lizards (D:1)
  15 goblins
  4 rats
491 creatures vanquished.

Vanquished Creatures (collateral kills)
  A kobold brigand (D:8)
1 creature vanquished.

Vanquished Creatures (others)
  A bush (Lair:6)
  49 fungi
  95 plants
  38 withered plants
183 creatures vanquished.

Grand Total: 675 creatures vanquished

Notes
Turn   | Place    | Note
-------+----------+-------------------------------------------
     0 | D:1      | Naeght the Minotaur Berserker began the quest for the Orb.
     0 | D:1      | Reached XP level 1. HP: 19/19 MP: 0/0
   376 | D:1      | Reached XP level 2. HP: 22/27 MP: 1/1
   377 | D:1      | Reached skill level 1 in Shields
  1132 | D:2      | Found a faded altar of an unknown god.
  1132 | D:2      | Noticed a great orb of eyes
  1136 | D:2      | Reached XP level 3. HP: 33/33 MP: 2/2
  1165 | D:2      | Noticed a shining eye
  1165 | D:2      | Noticed a golden eye
  1165 | D:2      | Noticed a great orb of eyes
  1348 | D:2      | Found a shimmering altar of Xom.
  1511 | D:3      | Reached skill level 4 in Long Blades
  1557 | D:3      | Reached ** piety under Trog
  1623 | D:3      | Reached XP level 4. HP: 30/40 MP: 3/3
  1812 | D:3      | Found an iron altar of Okawaru.
  2068 | D:3      | Reached XP level 5. HP: 42/46 MP: 4/4
  2109 | D:3      | Noticed Grinder
  2126 | D:3      | Killed Grinder
  2127 | D:3      | Reached XP level 6. HP: 53/53 MP: 5/5
  2137 | D:3      | Found an ancient bone altar of Kikubaaqudgha.
  2195 | D:3      | Reached skill level 5 in Armour
  2378 | D:3      | Noticed Natasha
  2383 | D:3      | Killed Natasha
  2384 | D:3      | Reached skill level 5 in Long Blades
  2653 | D:4      | Reached XP level 7. HP: 47/60 MP: 6/6
  2738 | D:4      | Reached skill level 5 in Fighting
  2748 | D:4      | Found a burning altar of Makhleb.
  2918 | D:4      | Found a runed translucent gate.
  2919 | D:4      | Found a runed translucent gate.
  2920 | D:4      | Found a runed translucent gate.
  2921 | D:4      | Noticed Arex's ghost (amateur DrAE)
  2921 | D:4      | Noticed JBAR's ghost (amateur GnGl)
  2921 | D:4      | Noticed sasquatch's ghost (amateur DEFE)
  2922 | D:4      | Noticed kdavids2's ghost (amateur DgTm)
  3003 | D:4      | Paralysed by an orc for 2 turns
  3008 | D:4      | Reached *** piety under Trog
  3027 | D:4      | Noticed Robin
  3042 | D:4      | Killed Robin
  3223 | D:4      | Noticed Dowan
  3224 | D:4      | Noticed Duvessa
  3234 | D:4      | Killed Dowan
  3245 | D:4      | Killed Duvessa
  3983 | D:4      | Found an ornate altar of the Wu Jian Council.
  4149 | D:5      | Entered Level 5 of the Dungeon
  4209 | D:5      | Noticed Sigmund
  4245 | D:5      | Killed Sigmund
  4246 | D:5      | Reached skill level 6 in Long Blades
  4246 | D:5      | Reached XP level 8. HP: 26/70 MP: 7/7
  4592 | D:5      | Found a sacrificial altar of Ru.
  4797 | D:5      | Reached skill level 5 in Dodging
  4986 | D:5      | Found Fets's Distillery.
  4992 | D:5      | Bought a potion of curing for 45 gold pieces
  4992 | D:5      | Bought a potion of heal wounds for 75 gold pieces
  4992 | D:5      | Bought a potion of lignification for 45 gold pieces
  5474 | D:6      | Found a staircase to the Ecumenical Temple.
  5521 | D:6      | Reached skill level 7 in Long Blades
  5660 | D:6      | Found Qairch's CLEARANCE SALE! EVERYTHING MUST GO!.
  5689 | D:6      | Found a broken altar of Ashenzari.
  6263 | D:6      | Noticed Maggie
  6290 | D:6      | Killed Maggie
  6291 | D:6      | Reached XP level 9. HP: 51/79 MP: 8/8
  6823 | D:6      | Found a stormy altar of Qazlal.
  6825 | D:6      | Noticed a gargoyle
  6828 | D:6      | Found a transporter.
  6839 | D:6      | Found a transporter.
  6870 | D:6      | Killed a gargoyle
  6871 | D:6      | Reached skill level 8 in Long Blades
  6978 | D:6      | Found a glowing golden altar of the Shining One.
  7040 | D:6      | Reached **** piety under Trog
  7427 | D:7      | Found Seve's Magic Scroll Shop.
  7434 | D:7      | Bought a scroll of identify for 26 gold pieces
  7434 | D:7      | Bought a scroll of noise for 13 gold pieces
  7434 | D:7      | Bought a scroll of teleportation for 39 gold pieces
  8058 | D:7      | Reached skill level 10 in Armour
  8456 | D:7      | Reached XP level 10. HP: 88/89 MP: 9/9
  9075 | D:7      | Found a white marble altar of Elyvilon.
  9621 | D:7      | Reached skill level 9 in Long Blades
  9854 | D:8      | Reached ***** piety under Trog
 10334 | D:8      | Noticed Maurice
 10364 | D:8      | Killed Maurice
 10487 | D:8      | Reached skill level 1 in Evocations
 10612 | D:8      | Reached skill level 10 in Fighting
 10612 | D:8      | Reached skill level 10 in Long Blades
 10961 | D:8      | Identified the +5 whip "Vurom" {antimagic, rPois rN+ rCorr}
 11025 | D:8      | Found Rohoicos's Armour Shoppe.
 11166 | D:8      | Noticed a soul eater
 11921 | D:8      | Noticed Harold
 11943 | D:8      | Killed Harold
 11944 | D:8      | Reached XP level 11. HP: 71/101 MP: 10/10
 12740 | D:9      | Found a blossoming altar of Fedhas.
 12746 | D:9      | Noticed a wizard
 12750 | D:9      | Killed a wizard
 12907 | D:9      | Found a hazy altar of Hepliaklqana.
 13214 | D:9      | Found a staircase to the Lair.
 13270 | Lair:1   | Entered Level 1 of the Lair of Beasts
 14181 | Lair:1   | HP: 5/151 [komodo dragon (8)]
 14185 | Lair:1   | Reached skill level 11 in Long Blades
 14704 | Lair:1   | Reached skill level 5 in Shields
 14996 | Lair:1   | Reached skill level 10 in Dodging
 15881 | Lair:1   | Noticed an oklob plant
 15925 | Lair:1   | Killed an oklob plant
 16800 | Lair:2   | Reached skill level 5 in Evocations
 16816 | Lair:2   | Received a gift from Trog
 16817 | Lair:2   | Reached XP level 12. HP: 58/110 MP: 11/11
 17537 | D:7      | Bought a scroll of teleportation for 39 gold pieces
 17537 | D:7      | Bought a scroll of summoning for 123 gold pieces
 17537 | D:7      | Bought a scroll of blinking for 97 gold pieces
 17537 | D:7      | Bought a scroll of enchant armour for 97 gold pieces
 17557 | D:7      | Identified a scroll of acquirement
 17625 | D:5      | Acquired the +9 triple sword of Crusades {flame, rPois
                  | rN+++ Dex-4 Stlth-}
 18053 | Lair:2   | Noticed a seven-headed hydra
 18061 | Lair:2   | Killed a two-headed hydra
 18062 | Lair:2   | Reached skill level 12 in Long Blades
 19235 | Lair:2   | Reached skill level 13 in Long Blades
 20199 | Lair:3   | Reached skill level 14 in Long Blades
 20212 | Lair:3   | Found a staircase to the Swamp.
 20479 | Lair:3   | Noticed Gastronok
 20486 | Lair:3   | Killed Gastronok
 20827 | Lair:3   | Reached skill level 15 in Long Blades
 21789 | Lair:4   | Noticed a catoblepas
 21794 | Lair:4   | Killed a catoblepas
 21795 | Lair:4   | Reached XP level 13. HP: 47/117 MP: 12/12
 22330 | Lair:4   | Received a gift from Trog
 22375 | Lair:4   | Reached skill level 16 in Long Blades
 23057 | Lair:4   | Found a hole to the Spider Nest.
 23665 | Lair:5   | Reached skill level 17 in Long Blades
 23970 | Lair:5   | Found a staircase to the Slime Pits.
 24460 | Lair:6   | Entered Level 6 of the Lair of Beasts
 24488 | Lair:5   | HP: 7/175 [poisoned by a cane toad]
 24911 | Lair:6   | Reached skill level 18 in Long Blades
 25338 | Lair:6   | Noticed Urug
 25366 | Lair:6   | Killed Urug
 25684 | Lair:6   | Reached skill level 19 in Long Blades
 25793 | Lair:6   | Reached XP level 14. HP: 107/125 MP: 13/13
 27510 | Lair:6   | Received a gift from Trog
 27511 | Lair:6   | Reached skill level 20 in Long Blades
 27957 | Lair:6   | Mangled by a dire elephant

Illustrated notes

Levels and vault maps discovered:
D:1:      dpeg_arrival_three_bigger_balls, layout_basic
D:2:      layout_rooms, hellmonk_ecumenical_altar_watching_god, basic_altar
D:3:      layout_loops_ring, mainiacjoe_overflow_surrounded_room,
          kennysheep_vampire_church, uniq_grinder, uniq_natasha
D:4:      layout_loops_cross, nzn_wu_jian_council_hall,
          mainiacjoe_overflow_24_doors, gammafunk_ghost_cemetery,
          minmay_misc_feat_rows, uniq_robin, uniq_duvessa
D:5:      layout_basic, mainiacjoe_overflow_small_starburst, serial_shops,
          nicolae_shop_waterfront, uniq_sigmund
D:6:      wad_woods_stonehenge, layout_rooms, mainiacjoe_overflow_chevrons,
          gammafunk_temple_overflow_arena, nicolae_shop_clearance, uniq_maggie
D:7:      layout_basic, lemuel_tele_altar, serial_co_window_serial,
          co_window_paths_a, co_window_paths_a, co_window_corner_a,
          co_window_paths_a, co_window_of_opportunity_a, co_window_paths_a,
          co_window_of_opportunity_a, co_window_2corner,
          co_window_unsneaky_path_a, co_window_unsneaky_path_a,
          co_window_of_opportunity_c, co_window_sun, co_window_4corner_a,
          glass_columns_a, serial_shops, nicolae_shop_trees, chequers_avenue
D:8:      lemuel_castle_with_subvaults [lemuel_castle_interior_carwin_2],
          layout_rooms, serial_shops, kennysheep_mini,
          chequers_serial_rivers_micro_a, hangedman_decor_opposing,
          uniq_maurice, uniq_harold
D:9:      layout_roguey, nicolae_overflow_crystal_walls,
          mainiacjoe_overflow_cross_hatched, dpeg_oklobed_lair
Lair:1:   layout_chaotic_city, hibernation_bobbens, minmay_lair_oklob_chamber,
          serial_bayou_shore_a
Lair:2:   beast_lair_carwin_large_2, layout_gridlike, st_stairs_10,
          chequers_serial_rivers_micro_b, serial_bayou_lagoon_a,
          chequers_serial_rivers_small_a, minmay_stone_trees_small,
          chequers_serial_rivers_marsh
Lair:3:   layout_cellular_growth, skrybe_swamp_entry_bodies,
          chequers_serial_rivers_small_3, lemuel_fruit_tree, uniq_gastronok
Lair:4:   layout_regular_city, nicolae_spider_entry_orb_guardian, st_stairs_12
Lair:5:   layout_regular_city, slime_dummy, cheibrodos_lair_caveside_slide,
          serial_bayou_shore_b
Lair:6:   due_jungle_book, layout_regular_city, serial_bayou_lake_a, uniq_urug

Skill      XL: |  1  2  3  4  5  6  7  8  9 10 11 12 13 14 |
---------------+-------------------------------------------+-----
Shields        | 1 2 3 4 7 |  7.4
Armour         | 3 4 5 7 8 10 | 10.0
Long Blades    | 4 5 6 7 8 10 11 15 19 20 | 20.6
Fighting       | 4 6 7 8 10 11 | 11.9
Dodging        | 3 4 6 7 9 10 | 10.3
Evocations     | 3 5 |  5.0

Action                   |  1- 3 |  4- 6 |  7- 9 | 10-12 | 13-15 || total
-------------------------+-------+-------+-------+-------+-------++-------
Melee: Falchion          |    64 |    94 |    58 |    10 |       ||   226
       Headbutt          |     9 |    23 |    85 |   180 |    72 ||   369
       Short sword       |       |       |   336 |   675 |       ||  1011
       Triple sword      |       |       |       |   123 |   287 ||   410
Invok: Trog's Hand       |       |     1 |     2 |     7 |     4 ||    14
       Berserk           |       |       |     4 |    13 |     4 ||    21
       Brothers in Arms  |       |       |       |     1 |       ||     1
  Use: Scroll            |       |       |       |     8 |     4 ||    12
       Potion            |       |       |       |     1 |       ||     1
 Stab: Sleeping          |     2 |       |       |       |       ||     2
Armor: Animal skin       |    13 |       |       |       |       ||    13
       Scale mail        |       |    43 |    98 |   105 |       ||   246
       Swamp dragon scal |       |       |       |    41 |    98 ||   139
       Skin              |       |       |       |    31 |       ||    31
Dodge: Dodged            |    55 |    60 |   179 |   348 |   181 ||   823
Block: Buckler           |     9 |    20 |    73 |   101 |       ||   203
       Rpst.: Falchion   |    10 |    19 |     9 |       |       ||    38
       Triple sword      |       |       |       |    19 |    59 ||    78
